[Event "*** Biggest EVER Titled Tuesday"]
[Site "Chess.com"]
[Date "2018.04.17"]
[Round "7"]
[White "ChessQueen"]
[Black "MartinMatthiesen"]
[Result "0-1"]
[WhiteElo "2595"]
[BlackElo "2406"]
[TimeControl "180+2"]
[EndTime "14:38:26 PDT"]
[Termination "MartinMatthiesen won by resignation"]

1. Nf3 c5 2. e4 Nc6 3. Bb5 g6 4. Bxc6 dxc6 5. d3 Bg7 6. Nc3 Nf6 7. Be3 Nd7 8. Qd2 h6 9. h4 e5 10. h5 g5 11. O-O-O Qe7 12. Ne2 Nf8 13. Ng3 Bg4 14.
Nf5 Bxf5 15. exf5 O-O-O 16. Qa5 b6 17. Qa4 Kb7 18. Nd2 Nd7 19. Nb3 Nf6 20. Rhe1 Qc7 21. f3 Nxh5 22. Bf2 Nf4 23. g3 Nd5 24. Qe4 h5 25. Kb1 Bf6 26. a4 h4 27. a5 hxg3 28. Bxg3 Nf4 29. Qc4 Rh3 30. Bf2 Rxf3 31. Bg1 Nd5 32. Qg4 Rf4 33. Qg2 Rxf5 34. Qe4 Rf4 35. Qg2 Qc8 36. Re4 Qf5 37. Rde1 g4 38. Qh2 Rh8 39.
Qg2 Rh3 40. Bxc5 bxc5 41. Nxc5+ Kc8 42. Rxf4 Qxf4 43. c4 Rh2 44. Qg1 Qd2 45. Na4 Qc2+ 46. Ka1 Qxa4+ 0-1

[Event "*** Biggest EVER Titled Tuesday"]
[Site "Chess.com"]
[Date "2018.04.17"]
[Round "7"]
[White "Quiet_Desperation"]
[Black "Princec7"]
[Result "0-1"]
[WhiteElo "2390"]
[BlackElo "2400"]
[TimeControl "180+2"]
[EndTime "14:38:26 PDT"]
[Termination "Princec7 won on time"]

1. e4 c5 2. Nf3 e6 3. d4 cxd4 4. Nxd4 Nf6 5. Nc3 Nc6 6. Nb3 Bb4 7. Bd3 O-O 8. O-O b6 9. f4 d6 10. Rf3 a5 11. Rh3 a4 12. Nd2 e5 13. f5 d5 14.
Nxd5 Nxd5 15. exd5 Qxd5 16. Rxh7 Kxh7 17. Qh5+ Kg8 18. f6 Qc5+ 19. Kh1 e4 20. Qh4 exd3 21.
Ne4 Re8 22. fxg7 f5 23. Qh8+ Kf7 24. Qh7 Rg8 25. Nxc5 Bxc5 26. cxd3 Rxg7 27. Qh5+ Kg8 28. Bh6 Bd7 29. Bxg7 Kxg7 30. Qg5+ Kf7 31. Re1 Rg8 32. Qh5+ Kf8 33. Qh6+ Rg7 34. Qh8+ Kf7 35. Qh5+ Kf8 36. Qh8+ Kf7 37. a3 Ne7 38. Qd8 Bc6 39. d4 Rxg2 0-1

[Event "*** Biggest EVER Titled Tuesday"]
[Site "Chess.com"]
[Date "2018.04.17"]
[Round "7"]
[White "twitchTriniCupid"]
[Black "Safar_From_Afar"]
[Result "0-1"]
[WhiteElo "2168"]
[BlackElo "2279"]
[TimeControl "180+2"]
[EndTime "14:38:28 PDT"]
[Termination "Safar_From_Afar won by resignation"]

1. d4 Nf6 2. c4 g6 3. Nf3 Bg7 4.
a3 O-O 5. Nc3 d5 6. cxd5 Nxd5 7.
e4 Nxc3 8. bxc3 c5 9. h3 cxd4 10. cxd4 Nc6 11. Be3 Qa5+ 12. Bd2 Qb6 13. d5 Bxa1 14.
Qxa1 Na5 15. Bh6 f6 16. Be2 Nb3 17. Qb2 Qa5+ 18. Kf1 Nc5 19. Nd2 Rd8 20. e5 Qb6 21. Qa1 fxe5 22. Be3 Qc7 23. Nf3 Ne4 24. Qxe5 Qxe5 25.
Nxe5 Nc3 26. Bc4 b5 27. Bb3 Bb7 28. d6+ Bd5 29. dxe7 Re8 30. Bc2 Rxe7 31. Bd4 Rc8 32. Bd3 Nb1 33. Ke2 Nxa3 34. f4 Bxg2 35. Rg1 Bxh3 36. Kf3 Be6 37. Be4 Nc4 38. Nc6 Rxc6 39. Bxc6 a6 40. Bc3 Bf7 41. Re1 Re6 42. Bb7 a5 43. Rd1 Re3+ 44. Kg4 Rxc3 45. f5 gxf5+ 46.
Kxf5 Bg6+ 47. Kf6 Rd3 48. Rxd3 Bxd3 0-1

[Event "*** Biggest EVER Titled Tuesday"]
[Site "Chess.com"]
[Date "2018.04.17"]
[Round "7"]
[White "Thee-Chessboy"]
[Black "LordIron"]
[Result "0-1"]
[WhiteElo "2295"]
[BlackElo "2168"]
[TimeControl "180+2"]
[EndTime "14:38:28 PDT"]
[Termination "LordIron won by resignation"]

1. d4 Nf6 2. c4 e6 3. Nf3 Bb4+ 4.
Bd2 a5 5. a3 Bxd2+ 6. Qxd2 b6 7. g3 Bb7 8. Nc3 O-O 9. Bg2 d6 10. O-O Nbd7 11. d5 a4 12. Nd4 e5 13. Ndb5 Nc5 14.
Qc2 Bc8 15. Rad1 Bg4 16. h3 Bh5 17. g4 Bg6 18. e4 h5 19. f3 Nfd7 20. Qd2 Nb3 21.
Qe3 Qh4 22. Nxc7 Rac8 23. N3b5 Nd4 24. Rc1 Nc5 25. f4 hxg4 26. fxe5 dxe5 27. d6 Nce6 28. d7 Rxc7 29. Nxc7 Nxc7 30. c5 bxc5 31. Rxc5 Nce6 32.
Rc8 Rd8 33. hxg4 Qxg4 34. Rxd8+ Nxd8 35. Qf2 Qxd7 36. Rd1 N8e6 37. Rf1 Nf4 38. Kh1 Qg4 39. Rg1 Nde2 40. Kh2 Nxg1 41. Kxg1 Bxe4 0-1

[Event "*** Biggest EVER Titled Tuesday"]
[Site "Chess.com"]
[Date "2018.04.17"]
[Round "7"]
[White "BilodeauA"]
[Black "Zhuu96"]
[Result "0-1"]
[WhiteElo "2638"]
[BlackElo "2735"]
[TimeControl "180+2"]
[EndTime "14:38:29 PDT"]
[Termination "Zhuu96 won by checkmate"]

1. e4 c5 2. Nf3 Nc6 3. d4 cxd4 4. Nxd4 Nf6 5. Nc3 e5 6. Ndb5 d6 7. Bg5 a6 8. Na3 b5 9. Nd5 Be7 10. Bxf6 Bxf6 11. c4 b4 12. Nc2 O-O 13. g3 a5 14. Bg2 Bg5 15. O-O Ne7 16. f4 Bh6 17.
Nde3 exf4 18. gxf4 Ng6 19. Nd5 Bb7 20. Qg4 Nh4 21. Nd4 g6 22. Rad1 Bg7 23. Kh1 Re8 24. f5 h5 25. Qh3 Qg5 26. fxg6 fxg6 27. Ne6 Qxg2+ 28. Qxg2 Nxg2 29. Nxg7 Kxg7 30. Kxg2 Rxe4 31. b3 Rg4+ 32. Kh1 Re8 33. Rd2 Re5 34. h3 Rgg5 35. Rfd1 h4 36. Kh2 Rgf5 37. Nc7 Rf3 38. Rxd6 Bc8 39. Rd8 Re2+ 40. Kg1 Bxh3 41. Ne8+ Kh6 42. Nd6 Rg3+ 43. Kh1 Bg2+ 44. Kg1 Bh3+ 45. Kh1 Bg2+ 46. Kg1 Bf3+ 47. Kf1 Rxa2 48. Nf7+ Kg7 49. R1d7 Bg4 50. Re7 Bh3+ 51. Ke1 Rg1# 0-1

[Event "*** Biggest EVER Titled Tuesday"]
[Site "Chess.com"]
[Date "2018.04.17"]
[Round "7"]
[White "Blitzstream"]
[Black "AvitalBor"]
[Result "0-1"]
[WhiteElo "2465"]
[BlackElo "2599"]
[TimeControl "180+2"]
[EndTime "14:38:30 PDT"]
[Termination "AvitalBor won on time"]

1. g4 d5 2. Bg2 Bxg4 3. c4 Nf6 4. Qb3 Nbd7 5. Qxb7 e6 6. cxd5 exd5 7. Nc3 Rb8 8. Qc6 d4 9. Nb5 Bd6 10. Nxd6+ cxd6 11. Qxd6 Rb6 12. Qxd4 O-O 13. b3 Re8 14. f3 Bf5 15. Bb2 Qc7 16. Rc1 Qb8 17. Nh3 Rbe6 18.
Nf4 Rd6 19. Qf2 Ra6 20. Qg3 Rxa2 21. Bc3 Qxb3 22. O-O Bg6 23. e4 Qb6+ 24. Kh1 Ra6 25. Bh3 Ne5 26. d4 Nc4 27. d5 Ne3 28. Rfe1 Ra2 29. Nxg6 hxg6 30. Qg5 Nc2 31. Re2 Nb4 32. Rg2 Rxg2 33. Bxg2 Nd3 34. Rf1 Nf2+ 35. Rxf2 Qxf2 36. h3 Rc8 37. Qe5 Qc2 38. Bd4 Qd1+ 39. Kh2 Rc4 40. Be3 a5 41. Qb8+ Kh7 42. d6 Rc2 0-1

[Event "*** Biggest EVER Titled Tuesday"]
[Site "Chess.com"]
[Date "2018.04.17"]
[Round "7"]
[White "SergeiAza"]
[Black "djamir"]
[Result "1-0"]
[WhiteElo "2643"]
[BlackElo "2626"]
[TimeControl "180+2"]
[EndTime "14:38:31 PDT"]
[Termination "SergeiAza won on time"]

1. e4 Nf6 2. e5 Nd5 3. d4 d6 4. c4 Nb6 5. exd6 exd6 6. Bd3 Be7 7. Ne2 O-O 8. O-O Nc6 9. Nbc3 Bf6 10. Be3 Nb4 11. Ne4 Be7 12. N4g3 Nxd3 13. Qxd3 d5 14.
b3 c6 15. c5 Nd7 16. Nf5 Bf6 17. Neg3 b6 18. cxb6 axb6 19. Rfe1 Ba6 20. Qc2 c5 21. Nh5 c4 22. Bf4 Kh8 23. Qd2 Rc8 24. Rac1 cxb3 25.
axb3 Rxc1 26. Qxc1 Bd3 27. Bc7 Qa8 28. Nxf6 Nxf6 29.
Nxg7 Kxg7 30. Qg5+ Bg6 31. Be5 Qc6 32. g4 h6 33. Qf4 Qe6 34. h4 Be4 35. f3 Kg6 36. h5+ Kh7 37. Bxf6 Rg8 38. Kf2 Qc6 39. fxe4 Qc2+ 40. Re2 Qxb3 41. Qf5+ 1-0

[Event "*** Biggest EVER Titled Tuesday"]
[Site "Chess.com"]
[Date "2018.04.17"]
[Round "7"]
[White "sergiochess83"]
[Black "Jospem"]
[Result "1-0"]
[WhiteElo "2794"]
[BlackElo "2695"]
[TimeControl "180+2"]
[EndTime "14:38:32 PDT"]
[Termination "sergiochess83 won by resignation"]

1. e4 c5 2. Nf3 d6 3. d4 cxd4 4. Nxd4 Nf6 5. Nc3 a6 6. g3 g6 7. Bg2 Bg7 8. O-O O-O 9. Re1 Bg4 10. Qd3 Nbd7 11. h3 Ne5 12. Qd2 Bd7 13. b3 Qc8 14. Kh2 Nc6 15. Nce2 b5 16. Bb2 h5 17. Rac1 Kh7 18. c4 Nxd4 19. Bxd4 Qb8 20. Qb2 bxc4 21. e5 dxe5 22. Bxe5 Ng4+ 23. hxg4 Bxe5 24. Qd2 Bxg4 25. Bxa8 Qxa8 26. Qe3 Bg7 27. Rxc4 e5 28. Nc3 Qd8 29. Ne4 Bh6 30. Qc5 Be6 31. Ra4 f5 32. Rxa6 Bg8 33.
Ra7+ Bg7 34. Qxe5 Rf7 35. Rxf7 Bxf7 36. Qd6 Qa5 37. Ng5+ Kg8 38. Re2 Bf8 39. Qd7 Bd5 40. Re8 Qe1 41. Rxe1 1-0

[Event "*** Biggest EVER Titled Tuesday"]
[Site "Chess.com"]
[Date "2018.04.17"]
[Round "7"]
[White "Alopekos"]
[Black "Mikhail_Golubev"]
[Result "1-0"]
[WhiteElo "2316"]
[BlackElo "2380"]
[TimeControl "180+2"]
[EndTime "14:38:36 PDT"]
[Termination "Alopekos won by resignation"]

1. e4 c5 2. Nf3 d6 3. d4 cxd4 4. Nxd4 Nf6 5. Nc3 g6 6. Bg5 Bg7 7. Bb5+ Bd7 8. Qe2 a6 9. Bxd7+ Nbxd7 10. O-O-O Rc8 11. f4 Rxc3 12. bxc3 Qa5 13. Qc4 O-O 14. Bxf6 Nxf6 15. Nb3 Qa3+ 16. Kd2 b5 17. Qc6 b4 18. Ke2 bxc3 19. Kf3 Qxa2 20. Nd4 Qa5 21. g4 Nxg4 22. Kxg4 Qh5+ 23. Kg3 e5 24. Nf3 exf4+ 25. Kf2 f5 26. Qd5+ Kh8 27. Rhe1 g5 28. e5 g4 29. exd6 Bf6 30. d7 gxf3 31. Re8 Qxh2+ 32. Kxf3 Qh3+ 33. Ke2 Qh2+ 34. Kd3 Kg7 35. Rxf8 Kxf8 36. d8=Q+ Bxd8 37. Qxd8+ Kf7 38. Qd7+ Kf6 39. Qd6+ Kf7 40. Qd7+ Kf6 41. Qd4+ Kf7 42. Qd5+ Kf6 43. Qc6+ Kg5 44. Qxc3 Qg3+ 45. Kc4 f3 46. Qg7+ Kf4 47. Rd4+ 1-0

[Event "*** Biggest EVER Titled Tuesday"]
[Site "Chess.com"]
[Date "2018.04.17"]
[Round "7"]
[White "r31415"]
[Black "gmtalentoso"]
[Result "1-0"]
[WhiteElo "2220"]
[BlackElo "2135"]
[TimeControl "180+2"]
[EndTime "14:38:40 PDT"]
[Termination "r31415 won by resignation"]

1. e4 c5 2. Nf3 Nc6 3. d4 cxd4 4.
Nxd4 e5 5. Nb5 d6 6. c4 Be7 7. Be2 f5 8. exf5 Bxf5 9. Bg5 Nf6 10. Bxf6 gxf6 11. Bg4 Bg6 12. N1c3 a6 13. Na3 O-O 14. Be6+ Kh8 15. h4 Nd4 16. h5 Bf5 17. Bxf5 Nxf5 18. Nc2 Rg8 19. g4 Nh6 20. Ne3 Qc8 21. Rg1 f5 22.
Ncd5 Bh4 23. Nb6 Qc5 24. Nxa8 Qxe3+ 25. Qe2 Bxf2+ 26. Kf1 Bxg1 27. Nc7 Qxe2+ 28. Kxe2 Bd4 29. gxf5 Nxf5 30. Kd3 Rg4 31. Ne6 e4+ 32. Kc2 Rg2+ 33. Kb3 Rxb2+ 34. Ka3 Be5 35. Rf1 Nh6 36. Rf8+ Ng8 37.
h6 Rg2 38. Nd8 Rg7 39. hxg7+ Kxg7 40. Ne6+ Kh6 41. Rxg8 e3 42. Rg1 Bc3 43. Nf4 b5 44. cxb5 axb5 45. Kb3 b4 46. a4 Bd2 47. a5 e2 48. Nxe2 Be3 49. Rh1+ 1-0

[Event "*** Biggest EVER Titled Tuesday"]
[Site "Chess.com"]
[Date "2018.04.17"]
[Round "7"]
[White "Andreikka"]
[Black "Arm-Akiba"]
[Result "0-1"]
[WhiteElo "2786"]
[BlackElo "2687"]
[TimeControl "180+2"]
[EndTime "14:38:41 PDT"]
[Termination "Arm-Akiba won on time"]

1. d4 Nf6 2. Nf3 e6 3. Bf4 c5 4. e3 cxd4 5. exd4 b6 6. Nbd2 Be7 7. Bd3 Ba6 8. Bxa6 Nxa6 9. O-O O-O 10. Qe2 Nc7 11. h3 Nfd5 12. Bh2 b5 13. c3 d6 14. Rac1 Qd7 15. Ne4 Nf6 16. Nxf6+ Bxf6 17. b3 Rfc8 18. c4 bxc4 19. bxc4 Ne8 20. Rfd1 Qa4 21. c5 dxc5 22. dxc5 Rc6 23. Be5 Rac8 24. Bxf6 gxf6 25. Rc4 Qa3 26. Rg4+ Kf8 27. Nd4 Qa6 28. Qc2 Rxc5 29. Qxh7 Rd5 30. Re1 Re5 31. Rxe5 fxe5 32. Qh8+ Ke7 33. Qxe5 Qd3 34.
Rg3 Qb1+ 35. Kh2 Rc1 36. Rb3 Rh1+ 37. Kg3 Qg6+ 38. Kf3 Nd6 39. Rc3 Kd7 40. Ne2 f6 41. Qf4 Qh5+ 42. Ke3 Qd5 0-1

[Event "*** Biggest EVER Titled Tuesday"]
[Site "Chess.com"]
[Date "2018.04.17"]
[Round "7"]
[White "Raffael89"]
[Black "xavielhumilde_1999"]
[Result "0-1"]
[WhiteElo "2130"]
[BlackElo "2244"]
[TimeControl "180+2"]
[EndTime "14:38:50 PDT"]
[Termination "xavielhumilde_1999 won by checkmate"]

1. d4 Nf6 2. Bf4 e6 3. e3 b6 4. Nd2 Bb7 5. Ngf3 d6 6. Bd3 Nbd7 7. O-O h6 8. h3 g5 9. Bh2 g4 10. hxg4 Nxg4 11. e4 Nxh2 12. Kxh2 Bg7 13. c3 Qe7 14. a4 a5 15. b4 h5 16. bxa5 Rxa5 17. Nc4 Ra8 18. a5 b5 19. Ncd2 c6 20. Qb3 d5 21.
exd5 Qd6+ 22. Kh1 exd5 23. Rfe1+ Kd8 24. c4 dxc4 25. Bxc4 bxc4 26. Qxb7 Rb8 27. Nxc4 Qd5 28. Qa6 h4 29. Ne3 Qh5 30. Qxc6 Rh6 31. Qd5 h3 32. Qxh5 hxg2+ 33. Kxg2 Rxh5 34. a6 Nb6 35. a7 Ra8 36. Reb1 Kc7 37. Ra6 Nc8 38. Ra4 Rxa7 39. Rc4+ Kd7 40.
Rb8 Rc7 41. Ra4 Nd6 42. Ng4 Ke6 43. Ra6 Ke7 44. Nge5 Bxe5 45. dxe5 Nf5 46. Raa8 Ke6 47. Re8+ Kd5 48. Red8+ Ke6 49. Re8+ Kd5 50. Rad8+ Ke4 51.
e6 fxe6 52. Rxe6+ Kf4 53. Rg6 Rc3 54. Rgg8 Rxf3 55. Rgf8 Rfh3 56. Kf1 Rh6 57. Ra8 Rh1+ 58. Kg2 R6h2# 0-1

[Event "*** Biggest EVER Titled Tuesday"]
[Site "Chess.com"]
[Date "2018.04.17"]
[Round "7"]
[White "Shtembuliak"]
[Black "Shant_Sargsyan"]
[Result "0-1"]
[WhiteElo "2650"]
[BlackElo "2809"]
[TimeControl "180+2"]
[EndTime "14:38:51 PDT"]
[Termination "Shant_Sargsyan won by checkmate"]

1. c4 e5 2. g3 Nf6 3. Bg2 d5 4. cxd5 Nxd5 5. Nc3 Nb6 6. e3 Nc6 7. Nge2 h5 8. f4 h4 9. fxe5 hxg3 10. hxg3 Rxh1+ 11. Bxh1 Nxe5 12. d4 Ng4 13. e4 c5 14. Bf4 cxd4 15. Qxd4 Qxd4 16. Nxd4 Bd7 17. Ndb5 Bxb5 18. Nxb5 Rc8 19. e5 Bb4+ 20. Ke2 Rc2+ 21. Kd3 Rxb2 22.
Bxb7 g5 23. Bc6+ Kf8 24. a3 gxf4 25. axb4 fxg3 26. Nxa7 Nxe5+ 27. Ke4 f6 28. Kf4 g2 29. Kg3 Rb3+ 30. Kxg2 Rxb4 31. Bb5 Nd5 32. Bf1 Rb2+ 33. Kg3 Rb3+ 34. Kf2 Nf4 35. Ra4 Ng4+ 36. Kg1 Rg3+ 37.
Kh1 Rf3 38. Kg1 Ne3 39. Ba6 Nh3+ 40. Kh2 Nf2 41. Rh4 Nfg4+ 42. Kg1 Rg3+ 43. Kh1 Kg7 44. Nc6 f5 45. Nd4 Kf6 46. Ne2 Nf2+ 47.
Kh2 Rg2# 0-1

[Event "*** Biggest EVER Titled Tuesday"]
[Site "Chess.com"]
[Date "2018.04.17"]
[Round "7"]
[White "guillembaches"]
[Black "ChessicallyInclined"]
[Result "0-1"]
[WhiteElo "2237"]
[BlackElo "2156"]
[TimeControl "180+2"]
[EndTime "14:38:58 PDT"]
[Termination "ChessicallyInclined won on time"]

1. d4 d5 2. Bf4 e6 3. e3 Bd6 4.
Bg3 Nf6 5. c4 c5 6. Nc3 cxd4 7.
exd4 Bxg3 8. hxg3 dxc4 9. Bxc4 Nc6 10. Nf3 Ne7 11. Ne5 Bd7 12. Nxd7 Qxd7 13. Bb5 Nc6 14. Qa4 O-O 15. Rd1 Nd5 16. Ne4 Qc7 17. O-O Qb6 18. Rd2 Rfd8 19. Bxc6 bxc6 20. Rc1 Rac8 21. Rc5 Ne7 22. Qc2 Rc7 23. Rg5 Kh8 24. Nc5 Nf5 25.
Qc3 Rd5 26. g4 Nd6 27. Rxd5 cxd5 28. Rc2 h6 29. b3 Nb5 30. Qe3 Kg8 31. g3 Nd6 32.
Qc1 Qc6 33. g5 hxg5 34. Qxg5 Nb7 35. Nxe6 Qxe6 36. Rxc7 Qe1+ 37. Kg2 Qe4+ 38. Kh2 Qh7+ 39. Kg1 Qb1+ 40. Kh2 Qh7+ 41. Qh4 Qf5 42. Rxb7 Qxf2+ 43. Kh3 Qf1+ 44. Kg4 Qe2+ 45. Kh3 Qf1+ 46. Kg4 Qe2+ 47.
Kf4 Qe4+ 48. Kg5 f6+ 49. Kh5 Qf5+ 0-1

[Event "*** Biggest EVER Titled Tuesday"]
[Site "Chess.com"]
[Date "2018.04.17"]
[Round "7"]
[White "TheCount"]
[Black "AbdAlAgathos"]
[Result "0-1"]
[WhiteElo "2530"]
[BlackElo "2347"]
[TimeControl "180+2"]
[EndTime "14:38:59 PDT"]
[Termination "AbdAlAgathos won by checkmate"]

1. d4 Nf6 2. c4 g6 3. Nc3 Bg7 4.
e4 d6 5. Be2 O-O 6. Bg5 Na6 7.
Qd2 c6 8. f4 Ne8 9. Nf3 Nac7 10. O-O Ne6 11. Bh4 c5 12. d5 Nd4 13. Nxd4 cxd4 14.
Nb5 Nf6 15. Bf3 Qb6 16. Bf2 e5 17. dxe6 Bxe6 18. Bxd4 Qd8 19. b3 a6 20. Nc3 Rc8 21. Rad1 Qa5 22. Nd5 Qxd2 23. Nxf6+ Bxf6 24. Rxd2 Be7 25. f5 Bd7 26. fxg6 hxg6 27. e5 dxe5 28. Bxe5 Bc6 29. Bd5 Bg5 30. Bf4 Bxf4 31. Rxf4 Kg7 32. Bxc6 Rxc6 33. Rd7 b5 34. cxb5 axb5 35. Rb7 Rc5 36.
h4 Kh6 37. Kh2 f5 38. Rb4 Rc2 39. R4xb5 Rxa2 40. Re5 f4 41. Ree7 Rh8 42. Kh3 Rb2 43.
Rf7 Rf2 44. Rf6 Rd8 45. Rbb6 Rd3+ 46. Kh2 Rg3 47. Rb8 Rfxg2+ 48. Kh1 Rg1+ 49. Kh2 R1g2+ 50. Kh1 Rg4 51. Rg8 R2g3 52. Kh2 Rxh4# 0-1

[Event "*** Biggest EVER Titled Tuesday"]
[Site "Chess.com"]
[Date "2018.04.17"]
[Round "7"]
[White "murmah2003"]
[Black "PawnEatingZombie"]
[Result "1-0"]
[WhiteElo "2535"]
[BlackElo "2021"]
[TimeControl "180+2"]
[EndTime "14:39:01 PDT"]
[Termination "murmah2003 won by resignation"]

1. d4 d5 2. c4 e6 3. Nf3 Nf6 4.
Nc3 Bb4 5. cxd5 exd5 6. Bg5 h6 7. Bh4 O-O 8. e3 Bf5 9. Bd3 Bxd3 10. Qxd3 Nbd7 11.
O-O c6 12. a3 Be7 13. Bg3 Nb6 14. Ne5 Bd6 15. f3 Qe7 16. Rae1 Rad8 17. Qc2 Rfe8 18.
Kh1 Nh5 19. f4 Nxg3+ 20. hxg3 f6 21. Ng6 Qf7 22. Nh4 Nc8 23. e4 dxe4 24. Rxe4 Rxe4 25. Qxe4 Nb6 26. Re1 Bf8 27. f5 Nd5 28. Nxd5 Qxd5 29. Ng6 Qxe4 30. Rxe4 Kf7 31. g4 Bd6 32. Kg1 Rd7 33. Nh8+ Kf8 34. Kf2 Bc7 35. Ng6+ Kf7 36. Ke3 a5 37. Kd3 Bb6 38. Kc4 Ba7 39. a4 Bb8 40. b3 Ba7 41. Nh8+ Kf8 42. Ng6+ Kf7 43. Nf4 Bb6 44. Ne6 Ba7 45. Nc5 Rc7 46. Re6 Bxc5 47. Kxc5 Rd7 48. Re4 Rd5+ 49. Kb6 Rd7 50. Kxa5 Rd5+ 51. Kb6 h5 52. Kxb7 hxg4 53. Kxc6 Rxf5 54. Rxg4 1-0

[Event "*** Biggest EVER Titled Tuesday"]
[Site "Chess.com"]
[Date "2018.04.17"]
[Round "7"]
[White "ZapataCharlesS"]
[Black "Fandorine"]
[Result "1-0"]
[WhiteElo "2714"]
[BlackElo "2710"]
[TimeControl "180+2"]
[EndTime "14:39:02 PDT"]
[Termination "ZapataCharlesS won by resignation"]

1. e4 g6 2. Nc3 Bg7 3. f4 d6 4. Nf3 Nf6 5. g3 O-O 6. Bg2 c5 7.
d3 Nc6 8. O-O Bg4 9. h3 Bxf3 10.
Qxf3 Rb8 11. Be3 Nd7 12. Rab1 b5 13. h4 Nd4 14. Qf2 b4 15. Na4 Qa5 16. b3 Nb6 17.
Nxb6 axb6 18. g4 Qxa2 19. Kh1 Ra8 20. Rbc1 Qb2 21. e5 Ra2 22. Bxd4 Qxd4 23. Qxd4 cxd4 24.
exd6 exd6 25. Rfe1 Rc8 26. Re7 Bf6 27. Rd7 Bxh4 28.
Bd5 Rf8 29. Kg2 Ra5 30. Be4 Rd8 31. Rb7 d5 32. Bf3 Bf6 33. Rxb6 Be7 34. Rb7 Bd6 35. Rf1 Bxf4 36. Bxd5 Raxd5 37. Rxf4 R5d7 38. Rxb4 Kg7 39. Kf2 Rd5 40. Rb7 R8d7 41. Rxd7 Rxd7 42. b4 Rc7 43.
Rxd4 Rxc2+ 44. Ke3 Rb2 45. Rc4 h5 46. gxh5 gxh5 47.
d4 Kg6 48. d5 Rb3+ 49. Kd4 h4 50. Kc5 h3 51. d6 Rd3 52. Kc6 Kg5 53. d7 h2 54. Rc1 Kf6 55. Kc7 Ke6 56. d8=Q 1-0

[Event "*** Biggest EVER Titled Tuesday"]
[Site "Chess.com"]
[Date "2018.04.17"]
[Round "7"]
[White "robbykevlishvili"]
[Black "Diwi89"]
[Result "1-0"]
[WhiteElo "2560"]
[BlackElo "2716"]
[TimeControl "180+2"]
[EndTime "14:39:04 PDT"]
[Termination "robbykevlishvili won by resignation"]

1. e4 c5 2. Nf3 Nc6 3. d4 cxd4 4. Nxd4 Nf6 5. Nc3 e5 6. Ndb5 d6 7. Bg5 a6 8. Na3 b5 9. Nd5 Be7 10. Bxf6 Bxf6 11. c4 b4 12. Nc2 O-O 13. g3 Be6 14. Bg2 a5 15. b3 Qb8 16. O-O Qa7 17. Qd2 Bd8 18. Kh1 Bb6 19. Nxb6 Qxb6 20. f4 Rad8 21.
f5 Bc8 22. f6 h6 23. Rf2 Kh7 24. fxg7 Kxg7 25. Raf1 Ne7 26. Rf6 Ng8 27. R6f2 Be6 28.
Ne3 Ne7 29. Bf3 Qc6 30. Nf5+ Bxf5 31. exf5 d5 32. f6+ Qxf6 33. Bxd5 Qg6 34. Rf6 Qxf6 35. Rxf6 Kxf6 36. Qxh6+ Ng6 37. h4 Ke7 38. h5 Kd7 39. Qd2 Ne7 40. Bxf7+ Kc7 41. Qf2 Nc6 42. h6 Rd6 43. Kg2 Rxh6 44. Qe3 Rfh8 45. Bd5 Rh2+ 46.
Kg1 Rxa2 47. Qc5 Rh6 48. Qf8 Ra1+ 49. Kf2 Ra2+ 50. Ke3 Rd6 51. g4 a4 52. bxa4 b3 53.
Qf1 Nd4 54. Ke4 Re2+ 55. Kd3 b2 56. a5 Rf2 57. Qe1 Nc2 58. Qxf2 Nb4+ 59. Kc3 b1=Q 60. Qa7+ Kd8 61. Qb8+ Ke7 62. Qc7+ Rd7 63. Qxe5+ Kd8 64.
Qb8+ Ke7 65. Qxb4+ Qxb4+ 66. Kxb4 Kd6 67. Kb5 Re7 68. a6 Re1 69. a7 Ra1 70. a8=Q 1-0

[Event "*** Biggest EVER Titled Tuesday"]
[Site "Chess.com"]
[Date "2018.04.17"]
[Round "7"]
[White "biostatistician"]
[Black "Alex_Molchanov"]
[Result "1/2-1/2"]
[WhiteElo "2443"]
[BlackElo "2542"]
[TimeControl "180+2"]
[EndTime "14:39:04 PDT"]
[Termination "Game drawn by repetition"]

1. d4 Nf6 2. Nf3 e6 3. c4 b6 4. Nc3 Bb4 5. Qc2 Bb7 6. a3 Bxc3+ 7. Qxc3 d6 8. Bg5 h6 9. Bh4 Nbd7 10. Nd2 a5 11. b3 Qe7 12. f3 e5 13. e3 Rd8 14.
Be2 c5 15. d5 Ra8 16. Qc2 g5 17. Bf2 Bc8 18. Bd3 Nf8 19. Nf1 Nh5 20. g4 Nf6 21. h4 e4 22. Bxe4 Nxe4 23. Qxe4 Qxe4 24. fxe4 gxh4 25. Bxh4 Bxg4 26. Bf6 Rh7 27. Ng3 Kd7 28.
Kf2 Ng6 29. Rag1 Re8 30. Nf5 Bxf5 31. exf5 Ne5 32. a4 h5 33. e4 Rh6 34. Bxe5 Rxe5 35.
Kf3 Re8 36. Rh4 Ke7 37. Kf4 Kf6 38. Rgh1 Reh8 39. R1h2 R6h7 40. Rg2 Re8 41. Rg3 Rh6 42.
Re3 Rh7 43. Reh3 Reh8 44. Rh2 Rh6 45. Rg2 R6h7 46. Rg5 Rh6 47. Rg2 R6h7 48. Re2 Re8 49. Re1 Rh6 50. Rh3 h4 51. Reh1 Reh8 52. R1h2 R6h7 53.
Rh1 Rh6 54. R1h2 R6h7 55. Rh1 Rh6 56. R1h2 Rh5 57. Rh1 R5h6 58. R1h2 Rh5 59. Rh1 R5h6 1/2-1/2

[Event "*** Biggest EVER Titled Tuesday"]
[Site "Chess.com"]
[Date "2018.04.17"]
[Round "7"]
[White "kirillshevchenko"]
[Black "nailbeshirli"]
[Result "0-1"]
[WhiteElo "2340"]
[BlackElo "2333"]
[TimeControl "180+2"]
[EndTime "14:39:06 PDT"]
[Termination "nailbeshirli won by checkmate"]

1. e4 Nf6 2. e5 Nd5 3. d4 d6 4. c4 Nb6 5. exd6 cxd6 6. Nc3 g6 7. Be3 Bg7 8. Rc1 Kf8 9. Nf3 Nc6 10. b3 Bf5 11. d5 Ne5 12. Nd4 Nbd7 13. Be2 h5 14. Nxf5 gxf5 15. Bxh5 Qa5 16. O-O Nf6 17. Be2 Neg4 18. Bf4 Nh5 19. Bd2 Be5 20. h3 Nhf6 21.
Ne4 Qb6 22. c5 dxc5 23. Nxf6 Nxf6 24. Be3 Ne4 25. Bd3 Qg6 26. Bxe4 fxe4 27. Qg4 Bh2+ 28. Kh1 Qxg4 29. hxg4 Bd6+ 30. Kg1 Kg7 31. f3 exf3 32. gxf3 Rh3 33. Rc2 Rah8 34. Rg2 Bg3 35. Rxg3 Rxg3+ 36. Kf2 Rhh3 37. Ke2 Rg2+ 38. Bf2 b6 39. Ke3 Rxg4 40. Ke2 Rg5 41. Be3 Rh2+ 42. Kd3 Rxd5+ 43. Ke4 e6 44. Rg1+ Kf8 45. Kf4 Rh4+ 46. Kg3 Rh8 47. Kf2 Ke7 48. Bg5+ Kd7 49. Bf6 Rh2+ 50. Ke3 Rhd2 51.
Rg7 R2d3+ 52. Ke4 Kc6 53. Be5 Rd2 54. f4 f5+ 55. Kf3 R5d3# 0-1

[Event "*** Biggest EVER Titled Tuesday"]
[Site "Chess.com"]
[Date "2018.04.17"]
[Round "7"]
[White "gkchesstiger"]
[Black "OK97"]
[Result "1-0"]
[WhiteElo "2773"]
[BlackElo "2576"]
[TimeControl "180+2"]
[EndTime "14:39:09 PDT"]
[Termination "gkchesstiger won by resignation"]

1. e4 g6 2. Nf3 Bg7 3. d4 d6 4.
Nc3 Nf6 5. Bd3 O-O 6. h3 Nc6 7. O-O e5 8. dxe5 Nxe5 9. Nxe5 dxe5 10. Bc4 c6 11. a4 a5 12. Qxd8 Rxd8 13. Be3 Bf8 14.
f3 Nh5 15. Ne2 Ng7 16. Bb6 Re8 17. Nc1 Be6 18. Bxe6 Nxe6 19. Nb3 Ra6 20. Be3 f6 21. Rfd1 Kf7 22. Kf2 f5 23. Ke2 Raa8 24.
Rd7+ Re7 25. Rxe7+ Bxe7 26. Rd1 Ke8 27. exf5 gxf5 28.
g4 f4 29. Bf2 e4 30. fxe4 Ng5 31. h4 Nxe4 32. Bb6 Bxh4 33. Kf3 Ng5+ 34. Kxf4 Ne6+ 35. Kf5 Ke7 36. Be3 Rf8+ 37. Ke4 Bf2 38. Nxa5 Bxe3 39. Kxe3 Rf4 40. b3 Rxg4 41. Nxb7 h5 42. Na5 c5 43.
Nc6+ Kf6 44. Rf1+ Kg5 45. a5 Nc7 46. Ne5 Rg3+ 47. Nf3+ Kg4 48. Ke4 h4 49. Ne5+ Kg5 50. Rf7 Na6 51. Nf3+ Kg6 52. Ra7 Rg4+ 53. Ke3 Nb4 54.
Ne5+ Kf5 55. Nxg4 Kxg4 56. c3 Nd5+ 57. Kd2 h3 58. Rg7+ Kf3 59. Rh7 Kg2 60. a6 1-0

[Event "*** Biggest EVER Titled Tuesday"]
[Site "Chess.com"]
[Date "2018.04.17"]
[Round "7"]
[White "LyonBeast"]
[Black "Sanan_Sjugirov"]
[Result "1-0"]
[WhiteElo "2855"]
[BlackElo "2827"]
[TimeControl "180+2"]
[EndTime "14:39:10 PDT"]
[Termination "LyonBeast won on time"]

1. e4 c5 2. Nf3 d6 3. d4 cxd4 4. Nxd4 Nf6 5. Nc3 a6 6. g3 e5 7. Nb3 Be7 8. Bg2 O-O 9. O-O Bg4 10. Qd3 Nbd7 11. a4 Rc8 12. a5 Nc5 13. Nxc5 Rxc5 14. Na4 Rc6 15. Nb6 Nd7 16. Nd5 Nc5 17. Qd2 Be6 18.
Rd1 Nd7 19. c3 Nf6 20. Qd3 Bg4 21. Nxe7+ Qxe7 22. Re1 Rfc8 23. Be3 h6 24. Rec1 Qe6 25. Ra4 Bh3 26. Rd1 Bxg2 27. Kxg2 R8c7 28. Rb4 Rd7 29.
c4 Qg4 30. f3 Qe6 31. b3 Rdc7 32. Rb6 Rxb6 33. Bxb6 Rc6 34. Be3 Kf8 35. Qd2 Kg8 36. Qb4 Qe7 37. Rd2 Kh7 38. Qc3 Kg8 39. Qd3 Qe6 40. Rd1 Kh7 41. Bd2 Kg8 42. Bb4 Ne8 43. Qd5 Qxd5 44. exd5 Rc8 45. f4 f6 46. fxe5 fxe5 47.
Rf1 Rd8 48. Bd2 Nf6 49. Bxh6 Ne4 50. Be3 Rc8 51. Kf3 Rf8+ 52. Ke2 Rc8 53. Kd3 1-0